woodfighter, neutral female human Wizard ----- |...| |...| --..| ---....| |...--.| .....||.| ..-.......- ........... ..@)%[--.- .q..).. .-... woodfighter the Conjurer Experience level: 5 Strength: 9 Dexterity: 10 Constitution: 10 Intelligence: 19 Wisdom: 18 Charisma: 10 Health: 0(37) Energy: 25(51) Def: 1 Gold: 650 Moves: 1760 Dungeon seed: 3gBkvS6RdvJLuNtt Game ID: woodfighter_1447175868 Your Inventory: Coins $ - 650 gold pieces Amulets g - an uncursed amulet versus poison (being worn) Weapons a - a blessed +1 quarterstaff (weapon in hands) w - 2 +0 elven daggers Armor e - an uncursed +0 cloak of magic resistance (being worn) q - an uncursed +0 dwarvish iron helm N - an uncursed +0 dwarvish cloak Y - an uncursed +0 pair of iron shoes Comestibles m - an uncursed eucalyptus leaf B - an uncursed food ration Scrolls j - an uncursed scroll of identify o - an uncursed scroll of remove curse s - a cursed scroll of teleportation u - an uncursed scroll of scare monster v - an uncursed scroll of earth Spellbooks b - a blessed spellbook of force bolt c - an uncursed spellbook of detect monsters z - an uncursed spellbook of knock Potions h - an uncursed potion of water k - an uncursed potion of booze l - an uncursed potion of sickness t - an uncursed potion of sleeping Rings C - an uncursed ring of stealth Wands d - a wand of nothing (0:7) x - a wand of enlightenment (0:11) y - a wand of fire (0:4) A - a wand of make invisible (0:1) Tools i - an uncursed skeleton key p - an uncursed towel D - an uncursed partly used wax candle (lit) (0:396) Gems n - an uncursed worthless piece of violet glass r - 2 uncursed worthless pieces of yellow glass Spells and supernatural/magical abilities: Name Level Category Fail Memory a - force bolt 1 attack 0% 92% n - detect monsters 1 divination 0% 92% W - pray for help -- divine ? -- Your skills at the end: Miscellaneous Skills wands [Basic] Weapon Skills quarterstaff [Basic] Spellcasting Skills attack spells [Basic] enchantment spells [Basic] Final Attributes: You were devoutly aligned. You were poison resistant. You were magic-protected. You are dead. Vanquished creatures: 2 gnomish wizards a ghoul a kitten 2 dwarves 3 hobbits a gecko 2 giant rats a yellow mold 5 gnomes a gnome zombie 9 jackals a fox a kobold 6 newts a goblin a sewer rat 3 grid bugs 2 lichens 43 creatures vanquished. Voluntary challenges: You were an atheist. You used a wielded weapon 46 times, starting on turn 56. You did not use containers. You did not apply a unicorn horn. You were illiterate. You never genocided any monsters. You never polymorphed an object. You never changed form. You used no wishes. You never split a pudding. You never wrote Elbereth's name. You never violated your personal moral code. Dungeon overview: The Dungeons of Doom: levels 1 to 5 Level 1 a long staircase Level 2 a general store Level 3 Level 4 (vault; more gold to the left of it in rock) a fountain stairs to The Gnomish Mines Level 5 The Gnomish Mines: levels 5 to 9 Level 5 stairs to The Dungeons of Doom Level 9 <- You were here History has recorded: On T:1 you entered the Dungeons of Doom to retrieve the Amulet of Yendor! On T:215 you reached level 2 of The Dungeons of Doom. On T:802 you reached level 3 of The Dungeons of Doom. On T:813 you advanced to experience level 2. On T:1162 you reached level 4 of The Dungeons of Doom. On T:1245 you reached level 1 of The Gnomish Mines. On T:1329 you advanced to experience level 3. On T:1621 you reached level 5 of The Dungeons of Doom. On T:1683 you reached level 5 of The Gnomish Mines. On T:1709 you advanced to experience level 4. On T:1746 you advanced to experience level 5. Score breakdown: Gold: 650 ( 65 points) Experience: 5 levels ( 400 points) Exploration: 9 levels ( 240 points) Discoveries: 3 items ( 150 points) Variety of kills: 18 monsters ( 900 points) Major goal: (nothing yet) ( 0 points) Survival: died (score multiplied by 3) Total score: 5265 Latest messages: The spell hits the mumak! The mumak butts! You die... Final status: Goodbye woodfighter the Wizard, killed by a mumak... You died in The Gnomish Mines on dungeon level 9 with 5265 points, and 650 pieces of gold, after 1760 moves. You were level 5 with a maximum of 37 hit points when you died.